 Dungeon Crawl Stone Soup version 0.10.0-32-gfa280cc character file.

65 Raumkraut the Skirmisher (level 2, 0/19 HPs)
             Began as a Deep Elf Fighter on Mar 11, 2012.
             Succumbed to a worker ant's poison
             ... on Level 2 of the Dungeon.
             The game lasted 00:05:38 (971 turns).

Raumkraut the Skirmisher (Deep Elf Fighter)          Turns: 971, Time: 00:05:38

HP   0/19        AC  6     Str 13      XL: 2   Next: 89%
MP   3/3         EV  5     Int 12      God:
Gold 40          SH 17     Dex 14      Spells:  0 memorised,  1 level left

Res.Fire  : . . .   See Invis. : .   k - -1,-2 dwarf short sword (curse)
Res.Cold  : . . .   Warding    : . . b - +0 elf scale mail
Life Prot.: . . .   Conserve   : .   c - +0 elf shield
Res.Acid. : . . .   Res.Corr.  : .   (no helmet)
Res.Poison: .       Clarity    : .   (no cloak)
Res.Elec. : .       Spirit.Shd : .   (no gloves)
Sust.Abil.: . .     Stasis     : .   (no boots)
Res.Mut.  : .       Ctrl.Telep.: .   (no amulet)
Res.Rott. : .       Levitation : .   (no ring)
Saprovore : . . .   Ctrl.Flight: .   (no ring)

@: mildly poisoned, not resistant to hostile enchantments, extremely unstealthy
A: no striking features
a: no special abilities


You were on level 2 of the Dungeon.
You were not hungry.

You visited 1 branch of the dungeon, and saw 2 of its levels.

You collected 20 gold pieces.

Notes
Turn   | Place    | Note
--------------------------------------------------------------
     0 | D:1      | Raumkraut, the Deep Elf Fighter, began the quest for the Orb.
     0 | D:1      | Reached XP level 1. HP: 14/14 MP: 1/1
   157 | D:1      | Reached XP level 2. HP: 19/19 MP: 3/3
   179 | D:1      | Reached skill level 1 in Traps & Doors
   281 | D:1      | Reached skill level 1 in Dodging
   411 | D:1      | Reached skill level 1 in Throwing
   971 | D:2      | Succumbed to a worker ant's poison

Inventory:

Hand weapons
 a - a +0,+0 elven short sword
 k - a cursed -1,-2 dwarven short sword (weapon)
Missiles
 p - 22 +0 stones (quivered)
Armour
 b - a +0 elven scale mail (worn)
 c - a +0 elven shield (worn)
Comestibles
 d - a bread ration
 h - a rotting chunk of hobgoblin flesh
 q - a meat ration
Scrolls
 g - a scroll of detect curse

Table legend:
 A = Turns spent in this place as a percentage of turns spent in the entire game.
 B = Non-inter-level travel turns spent in this place as a percentage of non-inter-level travel turns spent in the entire game.
 C = Inter-level travel turns spent in this place as a percentage of turns spent in this place.
 D = Turns resting spent in this place as a percentage of non-inter-level travel turns spent in this place.
 E = Turns spent auto-exploring this place as a percentage of non-inter-level travel turns spent in this place.
 F = Non-inter-level travel turns spent in this place divided by the number of levels of this place that you've seen.
                   A       B       C       D       E      F
               +-------+-------+-------+-------+-------+----------------------
         Total | 100.0 | 100.0 |   0.7 |   0.0 |  10.5 | 143.5
       Dungeon | 100.0 | 100.0 |   0.7 |   0.0 |  10.5 | 143.5
               +-------+-------+-------+-------+-------+----------------------


   Skills:
 * Level 2.7 Fighting
 * Level 2.2 Short Blades
 + Level 1.0 Throwing
 - Level 2.4 Armour
 * Level 1.6 Dodging
 + Level 0.5 Stealth
 * Level 2.6 Shields
 + Level 1.1 Traps & Doors


You had one spell level left.
You didn't know any spells.

Dungeon Overview and Level Annotations

Branches:
Dungeon (2/27)

Altars:


Message History

You closely miss the rat. You block the rat's attack.
You slash the rat.
You kill the rat!
Unknown command.
You slash the worker ant but do no damage.
The worker ant bites you but does no damage.
You slash the worker ant but do no damage.
The worker ant bites you. You block the worker ant's attack.
You barely miss the worker ant.
The worker ant bites you but does no damage.
You closely miss the worker ant. The worker ant bites you.
* * * LOW HITPOINT WARNING * * *
You closely miss the worker ant. You block the worker ant's attack.
You closely miss the worker ant. You block the worker ant's attack.
The worker ant bites you.
* * * LOW HITPOINT WARNING * * *
You are poisoned.
The worker ant poisons you!
You puncture the worker ant but do no damage.
You die...

***
***********.,,,,,,,,*,*,*
,,,,* *#######*....,
,,,*,*,*** ,,,,,*
#....!.#*.....,,,, ,*,,,,
,<,,,*
#...?..#*......,,,*,*****
,,,,,*
#......#*.......,,*,*<,,,
****** #......#*.......,
*,***** *** * #......#
.......,,*,* ,,,,*
#......##........,*,*
,,,,*
#....<.a@........,*,* ,,
,* #.....%##........,* *
,,,,*
#####...........,,*,*
,,,,* #...........,,*, *
** ,,,*
#...........,,*,,,,,, ,,*
#..........**********
,,,,* #.........%* *,
,,,,* #.........,* *, ,
,,* #...?....,,* *,


You could see a worker ant.

Table legend:
 A = Kills in this place as a percentage of kills in entire the game.
 B = Kills by you in this place as a percentage of kills by you in the entire game.
 C = Kills by friends in this place as a percentage of kills by friends in the entire game.
 D = Other kills in this place as a percentage of other kills in the entire game.
 E = Experience gained in this place as a percentage of experience gained in the entire game.
 F = Experience gained in this place divided by the number of levels of this place that you have seen.
                   A       B       C       D       E      F
               +-------+-------+-------+-------+-------+----------------------
         Total | 100.0 | 100.0 |  -nan |  -nan | 100.0 |  18.5
       Dungeon | 100.0 | 100.0 |  -nan |  -nan | 100.0 |  18.5
               +-------+-------+-------+-------+-------+----------------------

Vanquished Creatures
  2 ball pythons
  2 giant cockroaches (D:1)
  5 goblins
  3 hobgoblins (D:1)
  A bat (D:1)
  11 giant newts (D:1)
  A kobold (D:1)
  3 rats
28 creatures vanquished.

Action                   || total
-------------------------++-------
Melee: Short sword       ||   109
Throw: Stone             ||     6
  Use: Scroll            ||     4
       Potion            ||     4
